 Dungeon Crawl Stone Soup version 0.31-a0-1395-g7c67ea8c80 (webtiles) character file.

Game seed: 18001667746268859645

21 Morrissey the Ruffian (level 2, -1/23 HPs)
             Began as a Gnoll Shapeshifter on Dec 25, 2023.
             Slain by a gnoll
             ... wielding a +0 whip
              (8 damage)
             ... on level 2 of the Dungeon.
             The game lasted 00:02:05 (842 turns).

Morrissey the Ruffian (Gnoll Shapeshifter)           Turns: 842, Time: 00:02:06

Health: -1/23      AC:  2    Str: 13    XL:     2   Next: 87%
Magic:  2/2        EV: 13    Int:  9    God:
Gold:   12         SH:  0    Dex: 11    Spells: 2/2 levels left

rFire   . .          .
                       - Unarmed
rCold   . . .        (no shield)
rNeg    . . .        a - +0 animal skin
rPois   .            (helmet currently unavailable)
rElec   .            (cloak currently unavailable)
rCorr   .            (gloves currently unavailable)
SInv    .            (boots currently unavailable)
Will    .....        i - amulet of regeneration
Stlth   +            (no ring)
HPRegen 1.03/turn    (no ring)
MPRegen 0.08/turn

%: no passive effects
@: beast-form
A: beast (slay +3), fangs 1, strong nose, distributed training
a: Begin Untransformation


You were on level 2 of the Dungeon.
You were a hulking beast.
You visited 1 branch of the dungeon, and saw 2 of its levels.

You collected 38 gold pieces.
You spent 26 gold pieces at shops.

Inventory:

Hand Weapons
 k - a +2 dagger of venom
Armour
 a - a +0 animal skin (worn)
 g - a scarf of resistance
Jewellery
 i - an amulet of regeneration (around neck)
Talismans
 c - a beast talisman (active)
 d - a flux talisman
Scrolls
 e - a scroll of poison {unknown}
 f - 3 scrolls of identify
 j - a scroll of fog {unknown}
Potions
 b - a potion of lignification
 h - a potion of degeneration {unknown}
 l - a potion of curing {unknown}
 m - a potion of invisibility {unknown}


   Skills:
 + Level 2.5 Fighting
 + Level 0.5 Short Blades
 + Level 0.5 Long Blades
 + Level 0.5 Axes
 + Level 0.5 Maces & Flails
 + Level 0.5 Polearms
 + Level 0.5 Staves
 + Level 0.5 Ranged Weapons
 + Level 0.5 Throwing
 + Level 0.5 Armour
 + Level 4.5 Dodging
 + Level 0.5 Stealth
 + Level 0.5 Shields
 + Level 6.5 Unarmed Combat
 + Level 0.5 Spellcasting
 + Level 0.4 Conjurations
 + Level 0.4 Hexes
 + Level 0.4 Summonings
 + Level 0.4 Necromancy
 + Level 0.4 Translocations
 + Level 0.4 Fire Magic
 + Level 0.4 Ice Magic
 + Level 0.4 Air Magic
 + Level 0.4 Earth Magic
 + Level 0.4 Alchemy
 + Level 0.7 Invocations
 + Level 0.5 Evocations
 + Level 6.5 Shapeshifting


You had 2 spell levels left.
You didn't know any spells.
Your spell library contained the following spells:

 Spells                   Type           Power      Damage    Failure   Level
 Call Imp                 Summ           0%         N/A       45%         2
 Sublimation of Blood     Necr           0%         N/A       45%         2
 Summon Hydra             Summ           0%         N/A       100%        7


Dungeon Overview and Level Annotations

Branches:
Dungeon (2/15)

Altars:

Shops:
D:1 ?


Innate Abilities, Weirdness & Mutations

You are a hulking beast.
Your limbs bulge with bestial killing power. (Slay +3)
You have very sharp teeth.
Your uncanny sense of smell can sniff out nearby items.
Your experience applies equally to all skills.


Message History

You open the door.
There is an open door here.
Found a stone staircase leading down.
Found a war axe.
A giant cockroach comes into view.
Found a fuming purple potion.
The giant cockroach bites you but does no damage.
You closely miss the giant cockroach. The giant cockroach bites you. x2
You hit the giant cockroach.
The giant cockroach is severely wounded.
The giant cockroach barely misses you.
You punch the giant cockroach!
You kill the giant cockroach!
No target in view!
m - a fuming purple potion A kobold comes into view.
It is wielding a +0 dagger.
A kobold is nearby! 2 gnolls come into view.
A gnoll comes into view. It is wielding a +0 flail.
Found a puce potion.
The gnoll shouts! x2; You hear a shout!
The kobold shouts!
A gnoll comes into view. It is wielding a +0 flail.
You barely miss the kobold. You punch the kobold!
You kill the kobold!
A rat comes into view.
The rat squeaks loudly.
The gnoll hits you with a +0 spear!
The rat moves out of view.
You punch the gnoll!
The gnoll is heavily wounded.
The gnoll barely misses you. x2
The gnoll misses you. The gnoll attacks as it pursues you!
The gnoll hits you with a +0 flail. The gnoll attacks as it pursues you!
The gnoll hits you with a +0 flail!
* * * LOW HITPOINT WARNING * * *
The gnoll attacks as it pursues you! The gnoll barely misses you.
The gnoll attacks as it pursues you! The gnoll barely misses you.
The gnoll attacks as it pursues you! The gnoll closely misses you.
The gnoll attacks as it pursues you! The gnoll hits you with a +0 whip!
You die...

#.... #.##.# .# # ##...#
##.##.###.# #
##.....####.........# #
#.......#........... ##
........$.#.#...##.########.
..........g.................
........g.#.#...##.########.
#.......#gg....# #.# ##
##!....####h######.# #
##...# #........# ##+#
#.######## #.# ### #.#
#####.. #.# #...... #.#
#.###.# ..# #.# #.# ## #.#
#.#


You could see 4 gnolls.

Vanquished Creatures
  An endoplasm (D:1)
  3 giant cockroaches
  5 goblins
  A hobgoblin (D:1)
  2 quokkas (D:1)
  A bat (D:2)
  4 kobolds
  2 rats (D:1)
19 creatures vanquished.

Notes
Turn   | Place    | Note
-------+----------+-------------------------------------------
     0 | D:1      | Morrissey the Gnoll Shapeshifter began the quest for the
                  | Orb.
     0 | D:1      | Reached XP level 1. HP: 17/17 MP: 1/1
   198 | D:1      | Reached XP level 2. HP: 23/23 MP: 2/2
   212 | D:1      | Found a faded altar of an unknown god.
   481 | D:1      | Found Vocrent's Magic Scroll Shop.
   486 | D:1      | Bought a scroll of identify for 26 gold pieces
   842 | D:2      | Slain by a gnoll

Illustrated notes

Levels and vault maps discovered:
D:1:      dpeg_arrival_three_same_balls, layout_basic,
          chequers_ecumenical_altar_grove, serial_shops, shop,
          kennysheep_minor_cross, hangedman_feature_mirror, minmay_domino_2
D:2:      layout_loops_corners, minivault_14, uniq_jessica

Action                     || total
---------------------------++-------
  Melee: Unarmed           ||    34
         Bite              ||     1
   Stab: Sleeping          ||     1
 Armour: Animal skin       ||    15
  Dodge: Dodged            ||    22
   Form: Beast             ||     1

Table legend: (Time is in decaauts)
 A = Elapsed time spent in this place.
 B = Non-inter-level travel time spent in this place.
 C = Inter-level travel time spent in this place.
 D = Time resting spent in this place.
 E = Time spent auto-exploring this place.
 F = Levels seen in this place.
 G = Mean time per level.
                   A        B        C        D        E       F      G
               +--------+--------+--------+--------+--------+-----+--------+
         Total |    838 |    833 |      5 |      0 |    691 |   2 |  419.0 |
       Dungeon |    838 |    833 |      5 |      0 |    691 |   2 |  419.0 |
               +--------+--------+--------+--------+--------+-----+--------+

Top non-repeatable levels by time:
     D:1: 614 daAuts
     D:2: 223 daAuts
